Frizzbo, neutral female sylph Wizard ------------- --------------- -------- |...........-# #..............|#######....*..| -------- #............| ###|..%..........| # # |......| |?!=%[(| ###|...........-######|..........`...## ##.......| |?)]?[)| # |...........| ### #--------------- |......| |))!?m?| ### ------------- # ########## -------- |??*.(?| # ### # |...[..| ### # ### -----f-- # ### # B # # ### E # # # ---------------- # # # ###|..............| # # # #-..[...........| ### # # |......>.......| # # -----------# #################...............| --|------# |.........|# ---------------- |>....%..######|.........|# |.......| #.......<..-# --------- ----------- Frizzbo the Conjurer Experience level: 3 Strength: 8 Dexterity: 13 Constitution: 9 Intelligence: 19 Wisdom: 18 Charisma: 8 Health: 0(29) Energy: 51(51) Def: 1 Gold: 103 Moves: 1491 Dungeon seed: 0gQ04PV_zUlfwiZZ Game ID: Frizzbo_1465766312 Your Inventory: Coins $ - 103 gold pieces Weapons a - a blessed +1 quarterstaff (alternate weapon; not wielded) o - an uncursed +0 orcish dagger (weapon in hand) Armor e - an uncursed +0 cloak of magic resistance (being worn) Comestibles i - an uncursed food ration m - 2 uncursed eucalyptus leaves u - an uncursed partly eaten food ration Spellbooks b - a blessed spellbook of force bolt c - an uncursed spellbook of charm monster Potions k - an uncursed potion of monster detection r - an uncursed potion of fruit juice Rings s - an uncursed ring of polymorph control Wands h - an uncursed wand of lightning (0:4) j - an uncursed wand of light (0:11) Gems n - an uncursed jet stone q - an uncursed worthless piece of yellowish brown glass y - an uncursed worthless piece of violet glass z - an uncursed worthless piece of white glass Spells and supernatural/magical abilities: Name Level Category Fail Memory a - force bolt 1 attack 0% 93% e - charm monster 3 enchantment 0% 93% W - pray for help -- divine ? -- Your skills at the end: Miscellaneous Skills wands [Basic] Weapon Skills quarterstaff [Basic] Spellcasting Skills attack spells [Basic] enchantment spells [Basic] Final Attributes: You were devoutly aligned. You were magic-protected. You saw invisible. You were stealthy. You were protected from shape changers. You are dead. Vanquished creatures: 2 iguanas a gecko a hobgoblin 2 giant rats 2 yellow molds 3 jackals a kobold 6 newts 4 goblins 3 sewer rats 2 grid bugs a lichen 28 creatures vanquished. Voluntary challenges: You followed a strict vegan diet. You used a wielded weapon 37 times, starting on turn 443. You did not apply a unicorn horn. You read items or engraved 3 times, starting on turn 6. You never genocided any monsters. You never polymorphed an object. You never changed form. You used no wishes. You never split a pudding. You never wrote Elbereth's name. You never violated your personal moral code. Dungeon overview: The Dungeons of Doom: levels 1 to 3 Level 1 some fountains a long staircase Level 2 Level 3 <- You were here a general store a long staircase History has recorded: On T:1 you entered the Dungeons of Doom to retrieve the Amulet of Yendor! On T:489 you reached level 2 of The Dungeons of Doom. On T:682 you advanced to experience level 2. On T:992 you reached level 3 of The Dungeons of Doom. On T:1110 you advanced to experience level 3. Score breakdown: Gold: 103 ( 10 points) Experience: 3 levels ( 200 points) Exploration: 3 levels ( 60 points) Discoveries: 4 items ( 200 points) Variety of kills: 12 monsters ( 600 points) Major goal: (nothing yet) ( 0 points) Survival: died (score multiplied by 3) Total score: 3210 Latest messages: The hobgoblin punches you! You kill the hobgoblin! You miss the giant bat. The giant bat bites! You miss the giant bat. The giant bat bites! Taco picks up a scroll. The giant bat bites! You miss the giant bat. (2x) The giant bat bites! (2x) You are beginning to feel hungry. That food really hit the spot! Taco drops a scroll. You stop eating. You resume your meal. You stop eating. Taco picks up a scroll. "Hello, Frizzbo! Welcome again to Manlobbi's general store!" The giant bat bites! (2x) You miss the giant bat. The giant bat bites! (2x) You die... Final status: Goodbye Frizzbo the Wizard, killed by a giant bat... You died in The Dungeons of Doom on dungeon level 3 with 3210 points, and 103 pieces of gold, after 1491 moves. You were level 3 with a maximum of 29 hit points when you died.